 Dungeon Crawl Stone Soup version 0.28-a0-861-ge64d6db94f (webtiles) character file.

Game seed: 4316709412993183021

21 ders the Insei (level 2, -1/23 HPs)
             Began as a Gnoll Transmuter on Nov 15, 2021.
             Was an Initiate of Ashenzari.
             Slain by a worm (9 damage)
             ... on level 2 of the Dungeon.
             The game lasted 00:01:50 (1123 turns).

ders the Insei (Gnoll Transmuter)                   Turns: 1123, Time: 00:01:51

Health: -1/23      AC:  2    Str:  9    XL:     2   Next: 87%
Magic:  6/7        EV: 13    Int: 12    God:    Ashenzari [......]
Gold:   51         SH:  0    Dex: 12    Spells: 7/10 levels left

rFire   . . .      SeeInvis .   b - +0 whip
rCold   . . .      Faith    .   (no shield)
rNeg    . . .      Spirit   .   a - +0 robe
rPois   .          Reflect  .   (no helmet)
rElec   .          Harm     .   (no cloak)
rCorr   .          Rampage  .   (no gloves)
Will    .....                   (no boots)
Stlth   +.........              (no amulet)
HPRegen 0.07/turn               (no ring)
MPRegen 0.10/turn               (no ring)

@: no status effects
A: fangs 1, strong nose, distributed training
a: Renounce Religion


You were on level 2 of the Dungeon.
You worshipped Ashenzari.
Ashenzari was noncommittal.
You visited 1 branch of the dungeon, and saw 2 of its levels.

You collected 51 gold pieces.

Inventory:

Hand Weapons
 b - a +0 whip (weapon)
Armour
 a - a +0 robe (worn)
Scrolls
 c - a scroll of immolation {unknown}
 d - a scroll of amnesia {unknown}
 e - a scroll of fog {unknown}


   Skills:
 + Level 2.5 Fighting
 + Level 0.5 Short Blades
 + Level 0.5 Long Blades
 + Level 0.5 Axes
 + Level 0.5 Maces & Flails
 + Level 0.5 Polearms
 + Level 0.5 Staves
 + Level 0.5 Slings
 + Level 0.5 Bows
 + Level 0.5 Crossbows
 + Level 0.5 Throwing
 + Level 0.5 Armour
 + Level 4.5 Dodging
 + Level 0.5 Stealth
 + Level 0.5 Shields
 + Level 6.5 Unarmed Combat
 + Level 4.9 Spellcasting
 + Level 0.4 Conjurations
 + Level 0.4 Hexes
 + Level 0.4 Summonings
 + Level 0.4 Necromancy
 + Level 0.4 Translocations
 + Level 3.7 Transmutations
 + Level 0.4 Fire Magic
 + Level 0.4 Ice Magic
 + Level 0.4 Air Magic
 + Level 0.4 Earth Magic
 + Level 0.4 Poison Magic
 + Level 0.7 Invocations
 + Level 0.5 Evocations


You had 7 spell levels left.
You knew the following spells:

 Your Spells              Type           Power      Damage    Failure   Level
a - Beastly Appendage     Tmut           22%        N/A       4%          1
b - Wereblood             Tmut           11%        N/A       7%          2

Your spell library contained the following spells:

 Spells                   Type           Power      Damage    Failure   Level
 Spider Form              Tmut/Pois      7%         N/A       26%         3
 Ice Form                 Ice/Tmut       7%         N/A       65%         4


Dungeon Overview and Level Annotations

Branches:
Dungeon (2/15)

Altars:
Ashenzari


Innate Abilities, Weirdness & Mutations

You have very sharp teeth.
Your uncanny sense of smell can sniff out nearby items.
Your experience applies equally to all skills.


Message History

You are too injured to fight recklessly!
You barely miss the ball python. The ball python closely misses you.
The ball python constricts you. The ball python bites you.
You closely miss the ball python. Your kick misses the ball python.
The ball python closely misses you. The ball python constricts you.
The ball python bites you but does no damage.
You hit the ball python.
You feel a bit better.
You kill the ball python!
The ball python barely misses you. x2
The ball python bites you. The ball python grabs you.
The ball python constricts you.
You see here a ball python corpse.
You hit the ball python but do no damage.
The ball python bites you. The ball python constricts you.
The ball python closely misses you. The ball python constricts you.
You hit the ball python.
You feel a bit better.
You kill the ball python!
You start resting.
Your transformation is almost over.
You start resting.
A worm comes into view.
A worm is nearby!
You howl as the wereblood boils in your veins!
Your horns disappear.
Your talons disappear.
Your primal bloodlust is almost over.
A rat comes into view.
Found a robe.
The worm bites you!
You hit the worm.
The worm is moderately wounded.
You howl as the wereblood boils in your veins!
The worm closely misses you.
You hit the worm.
The worm is heavily wounded.
You howl as the wereblood boils in your veins!
You hit the worm.
The worm is heavily wounded.
Your primal bloodlust has ended.
The worm bites you!
You die...

..# #.#######
#..[..... #........
#.# #.# #........ #.#
#.# #r..... #.# #.#
#...# #.# #.#
####@w.#### #.# #.#
#.....=...# #.#
#.###.........# #.#
#.#.+.........#
#.#####.#.#.........#
#.......#.#†........#
###.................#
#.................#
#.._......#########


You could see a worm and a rat.

Vanquished Creatures
  An endoplasm (D:1)
  A giant cockroach (D:1)
  4 goblins (D:1)
  2 hobgoblins (D:1)
  2 kobolds (D:1)
  2 ball pythons (D:2)
  2 bats (D:1)
  3 frilled lizards (D:1)
  4 rats (D:1)
21 creatures vanquished.

Notes
Turn   | Place    | Note
-------+----------+-------------------------------------------
     0 | D:1      | ders the Gnoll Transmuter began the quest for the Orb.
     0 | D:1      | Reached XP level 1. HP: 17/17 MP: 6/6
   225 | D:1      | Reached XP level 2. HP: 23/23 MP: 5/7
   260 | D:1      | Found a faded altar of an unknown god.
   400 | D:1      | Learned a level 2 spell: Wereblood
  1059 | D:2      | Found a broken altar of Ashenzari.
  1089 | D:2      | Became a worshipper of Ashenzari the Shackled
  1123 | D:2      | Slain by a worm

Illustrated notes

Levels and vault maps discovered:
D:1:      sevenhm_arrival_forest_fort_small_5, layout_basic,
          ebering_ecumenical_altar_webs
D:2:      layout_basic, basic_altar

Action                   || total
-------------------------++-------
Melee: Unarmed           ||    11
       Bite              ||     2
       Whip              ||    42
       Kick              ||     3
       Headbutt          ||     3
       Punch             ||     1
 Cast: Beastly Appendage ||    11
       Wereblood         ||     3
Armor: Robe              ||     9
Dodge: Dodged            ||    54

Table legend: (Time is in decaauts)
 A = Elapsed time spent in this place.
 B = Non-inter-level travel time spent in this place.
 C = Inter-level travel time spent in this place.
 D = Time resting spent in this place.
 E = Time spent auto-exploring this place.
 F = Levels seen in this place.
 G = Mean time per level.
                   A        B        C        D        E       F      G
               +--------+--------+--------+--------+--------+-----+--------+
         Total |   1126 |   1117 |      9 |     26 |    935 |   2 |  563.0 |
       Dungeon |   1126 |   1117 |      9 |     26 |    935 |   2 |  563.0 |
               +--------+--------+--------+--------+--------+-----+--------+

Top non-repeatable levels by time:
     D:1: 1044 daAuts
     D:2: 81 daAuts
